 Dungeon Crawl Stone Soup version 0.31-a0-818-ge7c7cf74f0 (webtiles) character file.

Game seed: 5516985265446540880

224 Kurtz the Chopper (level 6, -1/42 HPs)
             Began as an Octopode Fighter on Sept 23, 2023.
             Slain by Natasha (6 damage)
             ... on level 3 of the Dungeon.
             The game lasted 00:02:14 (2016 turns).

Kurtz the Chopper (Octopode Fighter)                Turns: 2016, Time: 00:02:14

Health: -1/42      AC:  0    Str: 15    XL:     6   Next: 0%
Magic:  6/6        EV: 15    Int: 10    God:
Gold:   112        SH:  0    Dex: 14    Spells: 5/5 levels left

rFire   . . .        a - melded +0 war axe
rCold   . . .        b - melded +0 buckler
rNeg    . . .        (helmet currently unavailable)
rPois   .            (no amulet)
rElec   .            g - melded ring of magical power
rCorr   .            (ring currently unavailable)
SInv    .            (ring currently unavailable)
Will    .....        (ring currently unavailable)
Stlth   +            (ring currently unavailable)
HPRegen 0.27/turn    (ring currently unavailable)
MPRegen 0.10/turn    (ring currently unavailable)
                     (ring currently unavailable)

%: no passive effects
@: mighty, pig-form (expiring), very quick
A: fast, no casting, almost no armour, (amphibious), (8 rings), small,
(camouflage 1), (gelatinous body 1), (nimble swimmer 1), (tentacles)
a: no special abilities


You were on level 3 of the Dungeon.
You were a filthy swine.
You visited 1 branch of the dungeon, and saw 3 of its levels.
You also visited: Sewer.

You collected 112 gold pieces.

Inventory:

Hand Weapons
 a - a +0 war axe (melded)
Missiles
 l - 4 poisoned darts
Armour
 b - a +0 buckler (melded)
Jewellery
 g - a ring of magical power (melded)
Scrolls
 e - a scroll of poison
 h - a scroll of torment
 i - a scroll of butterflies
 k - 2 scrolls of fog {unknown}
 o - a scroll of blinking {unknown}
 p - a scroll of identify
Potions
 d - a potion of curing {unknown}
 f - 2 potions of heal wounds {unknown}
 j - a potion of invisibility {unknown}
 m - a potion of haste {unknown}
 n - a potion of lignification {unknown}
 q - a potion of mutation {unknown}


   Skills:
 - Level 3.0 Fighting
 * Level 6.0 Axes
 - Level 3.0 Dodging
 - Level 3.0 Shields


You had 5 spell levels left.
You didn't know any spells.
Your spell library contained the following spells:

 Spells                   Type           Power      Damage    Failure   Level
 Frozen Ramparts          Ice            0%         1d1       75%         3
 Petrify                  Tmut/Erth      0%         N/A       98%         4
 Metabolic Englaciation   Hex/Ice        0%         N/A       100%        5


Dungeon Overview and Level Annotations

Branches:
Dungeon (3/15)              Sewer (visited)

Altars:
Ashenzari
Vehumet

Shops:
D:1 =

Annotations:
D:3 Natasha


Innate Abilities, Weirdness & Mutations

You are a filthy swine.
You move quickly.
Your equipment is almost entirely melded.
You are incapable of wielding weapons or throwing items.
You cannot cast spells.
You cannot wear most types of armour.
((You are amphibious.))
((You can wear up to eight rings at the same time.))
((Your skin changes colour to match your surroundings (Stealth+).))
((Your rubbery body absorbs attacks. (AC +1, EV +1)))
((You are camouflaged when in or above water. (Stealth+)))
((You have tentacles for arms and can constrict up to eight enemies at once.))


Message History

Natasha is severely wounded.
Natasha claws you!
You hit Natasha but do no damage.
Natasha is severely wounded.
Natasha completely misses you.
You hit Natasha.
Natasha is almost dead.
Natasha mumbles some strange words.
You hit Natasha but do no damage.
Natasha is almost dead.
Natasha stares at you and mumbles some strange words.
The magic dart hits you.
You hit Natasha.
Natasha is almost dead.
The cerulean imp closely misses you. Natasha claws you!
Unknown command.
You miss Natasha.
Natasha is almost dead.
The cerulean imp hits you with a +1 spear.
Natasha barely misses you.
You barely miss Natasha.
Natasha is almost dead.
The cerulean imp barely misses you. Natasha claws you.
* * * LOW HITPOINT WARNING * * *
You barely miss Natasha.
Natasha is almost dead.
Your transformation is almost over.
The cerulean imp misses you.
Unknown command.
The cerulean imp misses you.
You hit Natasha but do no damage.
Natasha is severely wounded.
Natasha closely misses you.
The cerulean imp hits you from afar with a +1 spear.
* * * LOW HITPOINT WARNING * * *
Unknown command.
You feel very mighty all of a sudden. Natasha claws you.
You die...
Natasha begins licking her fur clean.

#..# #####.####
#..###.......(.
#.....)....#
#.####...#### .#
#.#.........###.#
#.#....$......#.###.
#.#.................
#.#......###..#.###
#...........h.#.#
###......####h#.#
#...........5.#
###.#######.### #.
#... #..# #..# #..#
#...


You could see Natasha and a cerulean imp (summoned).

Vanquished Creatures
  Jessica (D:2)
  Natasha (twice) (D:3)
  A hell rat (Sewer)
  3 adders
  2 river rats (Sewer)
  A worm (D:2)
  4 dart slugs
  3 endoplasms (D:1)
  6 giant cockroaches
  3 goblins
  5 hobgoblins
  7 jackals
  6 quokkas
  3 ball pythons
  7 bats
  2 frilled lizards (D:3)
  A kobold (D:1)
  9 rats
66 creatures vanquished.

Notes
Turn   | Place    | Note
-------+----------+-------------------------------------------
     0 | D:1      | Kurtz the Octopode Fighter began the quest for the Orb.
     0 | D:1      | Reached XP level 1. HP: 16/16 MP: 1/1
    72 | D:1      | Found Culabb's Jewellery Shoppe.
    83 | D:1      | Reached XP level 2. HP: 20/21 MP: 2/2
   164 | D:1      | Reached skill level 3 in Axes
   227 | D:1      | Reached XP level 3. HP: 26/26 MP: 3/3
   833 | D:2      | Found a broken altar of Ashenzari.
   888 | D:2      | Noticed Jessica
   895 | D:2      | Killed Jessica
   896 | D:2      | Reached skill level 4 in Axes
   896 | D:2      | Reached XP level 4. HP: 28/31 MP: 4/4
  1274 | D:2      | Identified the +4 ring mail of Privacy {Str+3}
  1559 | D:3      | Found a radiant altar of Vehumet.
  1559 | D:3      | Noticed Natasha
  1565 | D:3      | Killed Natasha
  1566 | D:3      | Reached skill level 5 in Axes
  1566 | D:3      | Reached XP level 5. HP: 11/36 MP: 5/5
  1726 | D:3      | Noticed Natasha
  1733 | D:3      | Killed Natasha
  1792 | D:3      | Found a glowing drain.
  1800 | Sewer    | Entered a sewer
  1872 | Sewer    | Reached skill level 6 in Axes
  1953 | D:3      | Reached XP level 6. HP: 39/42 MP: 6/6
  1989 | D:3      | Noticed Natasha
  2016 | D:3      | Slain by Natasha

Illustrated notes

Levels and vault maps discovered:
D:1:      psy_arrival_statuary, layout_loops_ring, serial_shops,
          nicolae_shop_tiny_waterfront
D:2:      layout_basic, serial_corexii_hall, corexii_hall_statues_l,
          corexii_hall_statues_x, basic_altar, uniq_jessica
D:3:      layout_loops_ring, lemuel_blue_sif_altar, fiery_altar_vehumet,
          gup_sewer_entry_bubbles, grunt_ministairs_7, uniq_crazy_yiuf_cottage,
          uniq_natasha

Skill      XL: |  1  2  3  4  5 |
---------------+----------------+-----
Axes           | 3 4 5 6 |  6.0
Fighting       | |  3.0
Dodging        | |  3.0
Shields        | |  3.0

Action                     |  1- 3 |  4- 6 || total
---------------------------+-------+-------++-------
  Melee: War axe           |    55 |    74 ||   129
         Constrict         |    11 |    21 ||    32
         Tentacles         |    12 |     9 ||    21
         Punch             |     1 |       ||     1
         Unarmed           |       |     9 ||     9
    Use: Scroll            |       |     3 ||     3
         Potion            |       |     1 ||     1
   Stab: Sleeping          |     7 |     9 ||    16
 Armour: Skin              |    23 |    36 ||    59
  Dodge: Dodged            |    36 |    35 ||    71
  Block: Buckler           |     6 |    16 ||    22

Table legend: (Time is in decaauts)
 A = Elapsed time spent in this place.
 B = Non-inter-level travel time spent in this place.
 C = Inter-level travel time spent in this place.
 D = Time resting spent in this place.
 E = Time spent auto-exploring this place.
 F = Levels seen in this place.
 G = Mean time per level.
                   A        B        C        D        E       F      G
               +--------+--------+--------+--------+--------+-----+--------+
         Total |   2056 |   1966 |     90 |     92 |   1357 |   4 |  514.0 |
       Dungeon |   1942 |   1852 |     90 |     92 |   1282 |   3 |  647.3 |
         Sewer |    114 |    114 |      0 |      0 |     75 |   1 |  114.0 |
               +--------+--------+--------+--------+--------+-----+--------+

Top non-repeatable levels by time:
     D:1: 826 daAuts
     D:2: 756 daAuts
     D:3: 358 daAuts
   Sewer: 114 daAuts
